 Dungeon Crawl Stone Soup version bcrawl-1.17.1 (webtiles) character file.

Game seed: 8767396407373169531

254 Crauler the Slasher (level 5, -3/40 HPs)
             Began as a Vampire Gladiator on Oct 13, 2019.
             Slain by an ice beast (14 damage)
             ... on level 3 of the Dungeon.
             The game lasted 00:06:37 (1828 turns).

Crauler the Slasher (Vampire Gladiator)             Turns: 1828, Time: 00:06:38

Health: -3/40      AC:  4    Str: 17    XL:     5   Next: 90%
Magic:  5/5        EV: 14    Int:  9    God:
Gold:   215        SH:  1    Dex: 15    Spells: 4/4 levels left

rFire    . . .     SeeInvis +   a - +0 long sword
rCold    . . .     Gourm    .   (no shield)
rNeg     . . .     Faith    .   b - +0 leather armour
rPois    .         Spirit   .   c - +0 helmet
rElec    .         Reflect  .   (no cloak)
rCorr    .         Harm     .   (no gloves)
MR       .....                  (no boots)
Stlth    ++........             (no amulet)
HPRegen  0.36/turn              (no ring)
MPRegen  0.09/turn              (no ring)

@: regenerating quickly
A: claws 1, fangs 3, see invisible, unbreathing
a: Bat Form


You were on level 3 of the Dungeon.
You were very full.

You visited 1 branch of the dungeon, and saw 3 of its levels.

You collected 215 gold pieces.

Inventory:

Hand Weapons
 a - a +0 long sword (weapon)
 f - a cursed -1 dagger
Missiles
 d - 3 throwing nets (quivered) {!f}
Armour
 b - a +0 leather armour (worn)
 c - a +0 helmet (worn)
 o - a +0 plate armour
Scrolls
 g - 2 scrolls of blinking {unknown}
 h - a scroll of remove curse {unknown}
 i - a scroll of enchant weapon {unknown}
 l - 2 scrolls of identify {unknown}
 m - a scroll of teleportation {unknown}
 q - a scroll of enchant armour {unknown}
 r - a scroll of magic mapping {unknown}
Potions
 e - 10 potions of blood
 j - a potion of mutation {unknown}
 k - a potion of ambrosia {unknown}
 n - 2 potions of agility {unknown}
 p - 2 potions of heal wounds {unknown}


   Skills:
 + Level 2.9 Fighting
 * Level 5.8 Long Blades
 - Level 1.5 Throwing
 + Level 4.3 Dodging
 + Level 3.9 Stealth


You had 4 spell levels left.
You didn't know any spells.
Your spell library contained the following spells:

 Spells                   Type           Power        Failure   Level  Hunger
 Corona                   Hex            #......      45%         1    ##.....
 Ensorcelled Hibernation  Hex/Ice        #.....       58%         2    ###....
 Confuse                  Hex            #.......     83%         3    ####...
 Dazzling Spray           Conj/Hex       #.....       83%         3    ####...
 Tukima's Dance           Hex            #.......     83%         3    ####...


Dungeon Overview and Level Annotations

Branches:
Dungeon (3/12)

Altars:
Gozag
Hepliaklqana
Makhleb
Nemelex Xobeh


Innate Abilities, Weirdness & Mutations

Your natural rate of healing is unusually fast.
You have sharp fingernails.
You have razor-sharp teeth.
You have supernaturally acute eyesight. (SInv)
You can survive without breathing.


Message History

You hit the ice beast.
You bite the ice beast, but do no damage.
The ice beast is lightly wounded.
The ice beast hits you. The ice beast freezes you!
You slash the ice beast!
The ice beast is heavily wounded.
The ice beast hits you. The ice beast freezes you.
* * * LOW HITPOINT WARNING * * *
You barely miss the ice beast.
The ice beast is heavily wounded.
The ice beast misses you.
You hit the ice beast.
The ice beast is heavily wounded.
The ice beast misses you.
You barely miss the ice beast.
The ice beast is heavily wounded.
The ice beast hits you.
* * * LOW HITPOINT WARNING * * *
The ice beast freezes you!
You die...

##.#%#....#......##.#
#........###....##(..
[##.#....#....##....
#.....##.###.#.....
## #..#######
#....._. .. #..##
###.....
###.#...####.. ##....
#.......^..... ##...
#.#...@..#.... ##.#
##..Y....... ....
#.....#.... ####.
............ #.
.##.#.#.###.. #. #.
#.#.#.# .# # #
#.#.#.# ....#.# #


You could see an ice beast.

Vanquished Creatures
  An ice beast (D:3)
  A crimson imp (D:2)
  An orc wizard (D:3)
  An adder (D:3)
  A shadow imp (D:2)
  2 oozes (D:2)
  4 worms
  2 dart slugs
  6 leopard geckos
  5 orcs (D:3)
  5 bats
  2 giant cockroaches (D:1)
  6 goblins
  3 hobgoblins
  7 kobolds
  A quokka (D:2)
  2 frilled lizards (D:2)
  5 rats
55 creatures vanquished.

Notes
Turn   | Place    | Note
-------+----------+-------------------------------------------
     0 | D:1      | Crauler the Vampire Gladiator began the quest for the Orb.
     0 | D:1      | Reached XP level 1. HP: 16/16 MP: 1/1
   147 | D:1      | Reached skill level 1 in Stealth
   147 | D:1      | Reached XP level 2. HP: 15/22 MP: 2/2
   225 | D:1      | Reached skill level 4 in Long Blades
   513 | D:1      | Reached XP level 3. HP: 27/27 MP: 3/3
   613 | D:2      | Reached XP level 4. HP: 31/33 MP: 4/4
   716 | D:2      | Found a burning altar of Makhleb.
   938 | D:2      | Found an opulent altar of Gozag.
   970 | D:2      | Reached skill level 5 in Long Blades
  1469 | D:3      | Found a sparkling altar of Nemelex Xobeh.
  1603 | D:3      | Reached XP level 5. HP: 31/39 MP: 5/5
  1665 | D:3      | Found a hazy altar of Hepliaklqana.
  1665 | D:3      | Noticed an ice beast
  1705 | D:3      | HP: 1/39 [ice beast (8)]
  1739 | D:3      | Killed an ice beast
  1818 | D:3      | Noticed an ice beast
  1828 | D:3      | Slain by an ice beast

Skill      XL: |  1  2  3  4 |
---------------+-------------+-----
Stealth        | 1 2 3 |  3.9
Fighting       | 2 |  2.9
Long Blades    | 4 5 |  5.8
Dodging        | 4 |  4.3
Throwing       | |  1.5

Action                   |  1- 3 |  4- 6 || total
-------------------------+-------+-------++-------
Melee: Long sword        |    51 |   132 ||   183
       Bite              |     3 |    13 ||    16
  Use: Potion            |       |     2 ||     2
 Stab: Sleeping          |     4 |     3 ||     7
  Eat: Corpse            |     3 |     7 ||    10
Armor: Leather armour    |     9 |    29 ||    38
Dodge: Dodged            |    23 |    82 ||   105
Block: Other             |     1 |     6 ||     7
